 Dungeon Crawl Stone Soup version 0.30-a0-718-geaa24f58ff (webtiles) character file.

Game seed: 11817742421440491736

51 purpskrrrp the Sneak (level 3, -1/18 HPs)
             Began as a Vampire Brigand on Jan 25, 2023.
             Was a Follower of Hepliaklqana.
             Slain by an orc
             ... wielding a +0 flail
              (7 damage)
             ... on level 3 of the Dungeon.
             The game lasted 00:02:38 (2435 turns).

purpskrrrp the Sneak (Vampire Brigand)              Turns: 2435, Time: 00:02:39

Health: -1/18      AC:  3    Str:  8 (10) XL:     3   Next: 58%
Magic:  3/3        EV: 12    Int: 11 (13) God:    Hepliaklqana [*.....]
Gold:   131        SH:  0    Dex: 15 (17) Spells: 2/2 levels left

rFire   . . .      SeeInvis +    a - +2 dagger
rCold   + + .      Faith    .    (no shield)
rNeg    + + +      Spirit   .    b - +0 robe
rPois   ∞          Reflect  .    (no helmet)
rElec   .          Harm     .    c - +0 cloak
rCorr   .          Rampage  .    (no gloves)
Will    .....                    (no boots)
Stlth   +++++                    (no amulet)
HPRegen 0.00/turn                (no ring)
MPRegen 0.08/turn                (no ring)

@: bloodless, inhibited regen
A: reduced essence, bloodless, fangs 3, see invisible, vampiric 2
a: Bat Form, Revivify, Renounce Religion, Recall Ancestor, Ancestor Identity


You were on level 3 of the Dungeon.
You worshipped Hepliaklqana.
Hepliaklqana was aware of your devotion.
You visited 1 branch of the dungeon, and saw 3 of its levels.

You collected 131 gold pieces.

Inventory:

Hand Weapons
 a - a +2 dagger (weapon)
Missiles
 d - 9 poisoned darts
 e - 3 curare-tipped darts
Armour
 b - a +0 robe (worn)
 c - a +0 cloak (worn)
Potions
 g - a potion of mutation {unknown}
 h - 2 potions of ambrosia
 i - a potion of brilliance {unknown}
 j - a potion of cancellation {unknown}
 k - a potion of invisibility {unknown}
 l - 2 potions of heal wounds


   Skills:
 + Level 2.2 Fighting
 * Level 3.1 Short Blades
 - Level 1.5 Throwing
 + Level 1.7 Dodging
 * Level 6.7 Stealth


You had 2 spell levels left.
You didn't know any spells.
Your spell library was empty.

Dungeon Overview and Level Annotations

Branches:
Dungeon (3/15)

Altars:
Hepliaklqana
Ru


Innate Abilities, Weirdness & Mutations

Your life essence is reduced to manifest your ancestor. (-10% HP)
You do not regenerate when monsters are visible.
You are frail without blood (-20% HP).
You can heal yourself when you bite living creatures.
You are immune to poison.
You have razor-sharp teeth.
You have supernaturally acute eyesight. (SInv)
You are afflicted with vampirism and can become a bat while bloodless.


Message History

A worm comes into view.
Found a stone staircase leading down.
The helpless kobold fails to defend itself.
You bite the kobold, and draw its blood!
You skewer the kobold like a kebab!!!
You kill the kobold!
Things that are here:
a +0 short sword; 2 stones The helpless ball python fails to defend itself.
You bite the ball python, and draw its blood!
You spit the ball python like a pig!!!
You kill the ball python!
The orc hits you but does no damage. The orc closely misses you.
The orc shouts!
You hit the orc.
The orc is almost dead.
The orc hits you with a +0 club. The orc hits you but does no damage.
You hit the orc.
You kill the orc!
A kobold comes into view. It is wielding a +0 vampiric whip.
The orc hits you with a +0 dagger.
You barely miss the orc.
The kobold shouts!
You hear a shout!
The orc barely misses you.
You hit the orc.
The orc is heavily wounded.
The orc barely misses you.
You hit the orc.
The orc is severely wounded.
You hit the orc.
The orc is lightly wounded.
You hit the orc. You punch the orc, but do no damage.
The orc is heavily wounded.
You hit the orc.
You kill the orc!
The orc hits you but does no damage. The orc hits you with a +0 flail.
You hit the orc.
The orc is almost dead.
The orc hits you with a +0 hand axe. The orc hits you with a +0 flail!
You die...

####..# ###.... #.....#
#......... #.##...#
#....[...###
##.####.###..........
......#..# .........
#........# ....w..###
#.......... #......<# #
#...........###ooK..##.#
#.###.....#.....@......#
#†###.....####....)..###
....#...#. #...?...#
#...#...# #...........
.###..###.#
###..........
......[...# ##...#.####
..##.###### ###>..#
...#.# ##### ####.#


You could see a worm, 2 orcs and a kobold.

Vanquished Creatures
  3 adders
  A worm (D:2)
  2 orcs (D:3)
  2 giant cockroaches (D:1)
  A goblin (D:3)
  3 hobgoblins (D:1)
  2 jackals (D:1)
  2 ball pythons
  A frilled lizard (D:2)
  A kobold (D:3)
  3 rats
21 creatures vanquished.

Notes
Turn   | Place    | Note
-------+----------+-------------------------------------------
     0 | D:1      | purpskrrrp the Vampire Brigand began the quest for the Orb.
     0 | D:1      | Reached XP level 1. HP: 16/16 MP: 1/1
   125 | D:1      | Reached skill level 6 in Stealth
   216 | D:1      | Reached XP level 2. HP: 17/17 MP: 2/2
   718 | D:2      | Found a sacrificial altar of Ru.
  1323 | D:3      | Gained mutation: You are afflicted with vampirism and can
                  | become a bat while bloodless. [Vampire growth]
  1323 | D:3      | Reached XP level 3. HP: 16/21 MP: 3/3
  1348 | D:3      | Found a faded altar of an unknown god.
  1439 | D:3      | Prayed at the altar of an unknown god.
  1439 | D:3      | Became a worshipper of Hepliaklqana the Forgotten
  1439 | D:3      | Reached * piety under Hepliaklqana
  2435 | D:3      | Slain by an orc

Illustrated notes

Levels and vault maps discovered:
D:1:      scummos_arrival_gate, layout_basic, serial_glass, glass_columns_c,
          glass_columns_a, glass_columns_a, glass_columns_a, glass_columns_a,
          glass_columns_a, glass_columns_a, glass_columns_b, glass_columns_b,
          glass_columns_a
D:2:      layout_basic, basic_altar, nicolae_concentric_dashed_squares_mild
D:3:      layout_basic, basic_ecumenical_altar, serial_bayou_lake_a

Skill      XL: |  1  2  3 |
---------------+----------+-----
Stealth        | 6 |  6.7
Fighting       | 2 |  2.2
Short Blades   | 3 |  3.1
Throwing       | |  1.5
Dodging        | |  1.7

Action                     || total
---------------------------++-------
  Melee: Dagger            ||    41
         Bite              ||     1
         Unarmed           ||     1
         Punch             ||     1
Ability: Exsanguinate      ||     1
         End Transformatio ||     1
         Bat Form          ||     1
    Use: Scroll            ||     4
   Stab: Sleeping          ||    15
 Armour: Robe              ||     7
  Dodge: Dodged            ||    19

Table legend: (Time is in decaauts)
 A = Elapsed time spent in this place.
 B = Non-inter-level travel time spent in this place.
 C = Inter-level travel time spent in this place.
 D = Time resting spent in this place.
 E = Time spent auto-exploring this place.
 F = Levels seen in this place.
 G = Mean time per level.
                   A        B        C        D        E       F      G
               +--------+--------+--------+--------+--------+-----+--------+
         Total |   2409 |   2340 |     69 |    913 |   1217 |   3 |  803.0 |
       Dungeon |   2409 |   2340 |     69 |    913 |   1217 |   3 |  803.0 |
               +--------+--------+--------+--------+--------+-----+--------+

Top non-repeatable levels by time:
     D:2: 1605 daAuts
     D:1: 638 daAuts
     D:3: 166 daAuts
